AoeStats
← manfred_da_pig

Socotra

505278393Analyzed
2v2 RM · 25d ago on Sep 8, 2026· 28m 52s· 4 players
Game mode
Random Map
Map size
Tiny (2 player)
Population
200
Speed
Normal
Resources
Standard
Victory
Conquest
Starting age
Dark Age
Ending age
Imperial Age
RankedLock teamsTeams togetherTeam positionsShared explorationLock speedFull tech treeHidden civsTurbo modeCheats
Victory
Defeat
🇩🇪 Shu · Germany
1439
+14
🇨🇴 Khitans · Colombia
1407
+15
🇨🇴 Slavs · Colombia
1411
-16
🇨🇴 Romans · Colombia
1355
-13
Camo
7:27 Loom
9:32 Feudal Age
9:46 Man-at-Arms
10:59 Scale Mail Armor
14:53 Double-Bit Axe
15:32 Fletching
19:46 Wheelbarrow
23:55 Castle Age
22:06 Padded Archer Armor
24:00 Long Swordsman
24:41 Squires
24:57 Chain Mail Armor
NuMa | JuanMan
3:33 Loom
9:44 Feudal Age
10:18 Man-at-Arms
17:09 Double-Bit Axe
17:38 Horse Collar
20:07 Padded Archer Armor
25:19 Castle Age
24:14 Scale Barding Armor
24:28 Forging
24:20 Gold Mining
25:13 Bloodlines
26:16 Husbandry
26:41 Chain Barding Armor
27:03 Bow Saw
28:18 Iron Casting
manfred_da_pig
2:39 Loom
9:31 Feudal Age
10:08 Double-Bit Axe
10:57 Fletching
16:11 Padded Archer Armor
16:08 Town Watch
19:36 Horse Collar
21:37 Wheelbarrow
21:07 Gold Mining
24:57 Castle Age
24:58 Crossbowman
25:34 Bodkin Arrow
25:45 Thumb Ring
26:47 Bow Saw
27:38 Ballistics
29:22 Leather Archer Armor
Angel_LeAr
6:39 Loom
8:34 Feudal Age
9:37 Double-Bit Axe
18:03 Forging
18:42 Domestication
21:59 Wheelbarrow
24:57 Castle Age
23:26 Scale Barding Armor
23:24 Gold Mining
24:59 Light Cavalry
26:17 Iron Casting
26:59 Bow Saw
Connection lost

Rejoining the realm…

Still unreachable

The connection could not be restored.

Session expired

The server has moved on; the page needs a fresh start.